 Dungeon Crawl Stone Soup version 0.31-a0-868-g674d60d6f7 (webtiles) character file.

Game seed: 8577069001255444826

17496 kae the Jinx (level 12, 0/91 HPs)
             Began as a Demonspawn Enchanter on Oct 11, 2023.
             Was a Believer of Dithmenos.
             Slain by a cane toad (18 damage)
             ... on level 1 of the Lair of Beasts.
             The game lasted 00:20:51 (13796 turns).

kae the Jinx (Demonspawn Enchanter)                Turns: 13796, Time: 00:20:52

Health: 0/91       AC: 13    Str: 10    XL:     12   Next: 19%
Magic:  7/22       EV: 12    Int: 19    God:    Dithmenos [**....]
Gold:   1003       SH:  4    Dex: 13    Spells: 14/24 levels left

rFire   . . .        C - +3 dagger
rCold   . . .        (no shield)
rNeg    . . .        I - +0 ring mail "Fokheast" {Int-2 Slay+6}
rPois   .            (helmet restricted)
rElec   .            (no cloak)
rCorr   .            (no gloves)
SInv    +            k - +1 pair of boots {rampage}
Will    .....        g - amulet of regeneration
Stlth   ++++         v - ring of see invisible
HPRegen 1.15/turn    O - +4 ring of protection
MPRegen 0.18/turn

%: rampage
@: wreathed by umbra
A: horns 2, icy blue scales 1, foul stench 1, condensation shield
a: Renounce Religion, Shadow Step


You were on level 1 of the Lair of Beasts.
You worshipped Dithmenos.
Dithmenos was pleased with you.
You visited 3 branches of the dungeon, and saw 14 of its levels.
You also visited: Ossuary.

You collected 1753 gold pieces.
You spent 750 gold pieces at shops.


Innate Abilities, Weirdness & Mutations

You have a pair of horns on your head.
You are partially covered in icy blue scales. (AC +2)
You may rarely emit foul miasma when damaged in melee.
A meltable shield of frost defends you. (SH +4)


   Skills:
 + Level 7.2 Fighting
 * Level 9.5 Short Blades
 + Level 6.9 Dodging
 + Level 7.5 Stealth
 + Level 6.7 Spellcasting
 * Level 10.6 Hexes


You had 14 spell levels left.
You knew the following spells:

 Your Spells              Type           Power      Damage    Failure   Level
a - Ensorcelled Hibernat  Hex/Ice        52%        N/A       4%          2
b - Jinxbite              Hex            94%        N/A       1%          2
c - Confusing Touch       Hex            47%        N/A       1%          3
d - Tukima's Dance        Hex            47%        N/A       1%          3

Your spell library contained the following spells:

 Spells                   Type           Power      Damage    Failure   Level
 Sigil of Binding         Hex            47%        N/A       1%          3
 Dazzling Flash           Conj/Hex       52%        N/A       9%          3
 Summon Guardian Golem    Hex/Summ       26%        N/A       9%          3
 Apportation              Tloc           12%        N/A       26%         1
 Necrotise                Necr           24%        1d5       26%         1
 Summon Small Mammal      Summ           24%        N/A       26%         1
 Dimensional Bullseye     Hex/Tloc       13%        N/A       30%         4
 Leda's Liquefaction      Hex/Erth       13%        N/A       30%         4
 Poisonous Vapours        Pois/Air       12%        N/A       38%         2
 Sublimation of Blood     Necr           6%         N/A       38%         2
 Wereblood                Tmut           6%         N/A       38%         2
 Call Canine Familiar     Summ           6%         N/A       63%         3
 Frozen Ramparts          Ice            12%        1d2       63%         3
 Ignite Poison            Fire/Tmut/Pois 6%         N/A       63%         3
 Mephitic Cloud           Conj/Pois/Air  6%         N/A       63%         3
 Stone Arrow              Conj/Erth      12%        3d7       63%         3
 Metabolic Englaciation   Hex/Ice        13%        N/A       63%         5
 Animate Armour           Summ/Erth      12%        N/A       95%         4
 Petrify                  Tmut/Erth      6%         N/A       95%         4
 Sticky Flame             Conj/Fire      6%         2d3       95%         4
 Vhi's Electric Charge    Tloc/Air       12%        N/A       95%         4
 Alistair's Intoxication  Tmut/Pois      4%         N/A       100%        5
 Arcjolt                  Conj/Air       3%         1d13      100%        5
 Freezing Cloud           Conj/Ice/Air   3%         6-21      100%        5
 Irradiate                Conj/Tmut      3%         3d12      100%        5
 Plasma Beam              Fire/Air       3%         2x1d13    100%        6
 Orb of Destruction       Conj           3%         9d5       100%        7
 Spellforged Servitor     Conj/Summ      3%         N/A       100%        7
 Summon Hydra             Summ           3%         N/A       100%        7
 Ignition                 Fire           3%         3d4       100%        8
 Lehudib's Crystal Spear  Conj/Erth      3%         10d2      100%        8

Inventory:

Hand Weapons
 a - a +1 dagger
 t - a +2 dagger of chaos
   (You took it off an orc on level 4 of the Dungeon)
 C - a +3 dagger (weapon)
   (You took it off an orc wizard on level 8 of the Dungeon)
Missiles
 m - 7 curare-tipped darts {=f}
 p - 12 boomerangs
 G - 3 throwing nets {=f!f}
 J - 2 poisoned darts
 P - 123 stones
 R - 6 javelins
Armour
 b - a +1 robe
 k - a +1 pair of boots of rampaging (worn)
   (You bought it in a shop on level 3 of the Dungeon)
 I - the +0 ring mail "Fokheast" (worn) {Int-2 Slay+6}
   (You found it on level 9 of the Dungeon)

   Int-2:     It affects your intelligence (-2).
   Slay+6:    It affects your accuracy & damage with ranged weapons and melee
   (+6).
Jewellery
 g - an amulet of regeneration (around neck)
   (You found it on level 10 of the Dungeon)
 o - a +4 ring of protection
   (You found it on level 7 of the Dungeon)
 v - a ring of see invisible (left hand)
   (You took it off a goblin on level 3 of the Dungeon)
 L - a ring of flight
   (You found it on level 2 of the Dungeon)
 O - a +4 ring of protection (right hand)
   (You found it on level 5 of the Dungeon)
Wands
 y - a wand of charming (10)
   (You found it on level 6 of the Dungeon)
 B - a wand of polymorph (4)
   (You found it on level 7 of the Dungeon)
 K - a wand of mindburst (2)
   (You found it on level 10 of the Dungeon)
 N - a wand of flame (1)
   (You took it off a centaur on level 9 of the Dungeon)
 Q - a wand of digging (4)
   (You found it on level 11 of the Dungeon)
Scrolls
 c - a scroll of enchant armour
 d - 3 scrolls of fog
 i - a scroll of enchant weapon
 l - a scroll of blinking {!r}
 n - 3 scrolls of noise {!r}
 q - 4 scrolls of amnesia
 s - 4 scrolls of teleportation {@r4}
 w - 2 scrolls of poison {!r}
 x - 3 scrolls of vulnerability {!r!r}
 z - 3 scrolls of torment {!r}
 H - 2 scrolls of identify {@r1}
 M - 4 scrolls of revelation
Potions
 e - 3 potions of lignification {!q}
 f - a potion of mutation {!q}
 h - 4 potions of haste {@q3}
 j - 2 potions of enlightenment
 r - 2 potions of curing {@q1}
 u - a potion of resistance
 A - a potion of brilliance
 D - 2 potions of heal wounds {@q2}
 E - a potion of might
 F - 2 potions of magic

Dungeon Overview and Level Annotations

Branches:
Dungeon (12/15) Zot: 26273  Temple (1/1) D:4 Zot: 5995    Lair (1/5) D:9 Zot: 5937
    Orc (0/2) D:11        Ossuary (visited)

Altars:
Ashenzari
Cheibriados
Dithmenos
Fedhas
Gozag
Hepliaklqana
Kikubaaqudgha
Makhleb
Nemelex Xobeh
Okawaru
Qazlal
Ru
Sif Muna
Trog
Uskayaw
Vehumet
Wu Jian
Xom
Yredelemnul

Shops:
D:3 :??=[   D:6 =   D:11 [

Portals:
Trove: D:11 (give 13 potions of heal wounds)

..^.........
#........... #.........#
##........# #........#
#......# ##......####
#...@...##.#
#..F†.P...P###
#...P.......P#
#.P.P.#.#.#.P.P###
#....#.....#.....#####
#..P#..>~...#P.#.....##
........~~~>.....[......
...P.#?~~8~~.#.P........
....>~~~<............


You could see a cane toad (very poisoned).


Message History

Aim: a cane toad (foul pestilence, umbra, chance to affect: 57%)
The cane toad resists with significant effort.
You feel extremely sick. The cane toad barely misses you.
The cane toad is engulfed in dark miasma.
The cane toad seems to slow down.
The cane toad stings you but does no damage. 😮 HP[-7] MP[-2]
You take 7 damage, and now have 61/91 hp.
You lost 2 mp, and now have 13/21 mp.
Casting: Ensorcelled Hibernation (safe; 4% risk of failure)
Confirm with . or Enter, or press ? or * to list all spells.
Aiming: Ensorcelled Hibernation (safe; 4% risk of failure)
Press: ? - help, Shift-Dir - straight line, f/p - cane toad
Aim: a cane toad (foul pestilence, lightly wounded, slow, umbra, chance to affect: 57%)
The cane toad looks drowsy...
You feel very sick.
The cane toad is no longer moving slowly.
The cane toad stings you!
* * * LOW HITPOINT WARNING * * *
The cane toad is engulfed in dark miasma.
The cane toad croaks.
The cane toad closely misses you. 😨 HP[-16] MP[-1]
You take 16 damage, and now have 45/91 hp.
You lost 1 mp, and now have 12/21 mp.
Casting: Ensorcelled Hibernation (safe; 4% risk of failure)
Confirm with . or Enter, or press ? or * to list all spells.
Aiming: Ensorcelled Hibernation (safe; 4% risk of failure)
Press: ? - help, Shift-Dir - straight line, f - cane toad, p - cane toad
Aim: a cane toad (umbra, chance to affect: 57%)
The cane toad resists with significant effort.
You feel very sick.
The cane toad stings you but does no damage.
The cane toad is engulfed in dark miasma.
The cane toad seems to slow down.
You block the cane toad's attack. 😨 HP[-4] MP[-2]
You take 4 damage, and now have 41/91 hp.
You lost 2 mp, and now have 10/21 mp.
Casting: Ensorcelled Hibernation (safe; 4% risk of failure)
Confirm with . or Enter, or press ? or * to list all spells.
Aiming: Ensorcelled Hibernation (safe; 4% risk of failure)
Press: ? - help, Shift-Dir - straight line, f/p - cane toad
Aim: a cane toad (umbra, chance to affect: 57%)
The cane toad looks drowsy...
You feel a little less mighty now.
You feel very sick.
The cane toad is no longer moving slowly.
The cane toad is engulfed in dark miasma.
The cane toad is poisoned.
The cane toad seems to slow down.
The cane toad barely misses you. 😨 HP[-3] MP[-2]
You take 3 damage, and now have 38/91 hp.
You lost 2 mp, and now have 8/21 mp.
The helpless cane toad fails to defend itself.
You skewer the cane toad like a kebab!!!!
You kill the cane toad!
Dithmenos accepts your kill.
You feel sick.
You barely miss the cane toad.
You feel sick.
The cane toad is no longer moving slowly. 😨 HP[-2]
You take 2 damage, and now have 36/91 hp.
Casting: Ensorcelled Hibernation (safe; 4% risk of failure)
Confirm with . or Enter, or press ? or * to list all spells.
Aiming: Ensorcelled Hibernation (safe; 4% risk of failure)
Press: ? - help, Shift-Dir - straight line, f - steam dragon
Aim: a steam dragon (umbra, chance to affect: 57%)
The steam dragon looks drowsy...
You feel sick.
The cane toad is engulfed in dark miasma.
The cane toad looks even sicker.
The cane toad stings you but does no damage.
The cane toad is engulfed in dark miasma.
The cane toad barely misses you. 😨 HP[-1] MP[-2]
You take 1 damage, and now have 35/91 hp.
You lost 2 mp, and now have 6/22 mp.
The helpless steam dragon fails to defend itself.
You perforate the steam dragon like a sieve!!!
You kill the steam dragon!
Dithmenos accepts your kill.
You feel sick.
You hit the cane toad but do no damage. You headbutt the cane toad!
You feel sick. The cane toad stings you!
* * * LOW HITPOINT WARNING * * *
😨 HP[-7]
You take 7 damage, and now have 28/91 hp.
You hit the cane toad.
You headbutt the cane toad, but do no damage.
You feel sick. The cane toad stings you!!
* * * LOW HITPOINT WARNING * * *
You are lethally poisoned!
The cane toad poisons you! 😱 HP[-21] MP[+1]
You take 21 damage, and now have 7/91 hp.
MASSIVE DAMAGE!! (PAUSE) Unknown command.
Unknown command.
You feel better. The cane toad stings you!!
You die...

Skill      XL: |  1  2  3  4  5  6  7  8  9 10 11 |
---------------+----------------------------------+-----
Short Blades   | 1 2 3 4 5 6 8 9 |  9.5
Dodging        | 2 3 4 5 6 |  6.9
Fighting       | 1 2 3 4 5 6 7 |  7.2
Stealth        | 3 4 5 6 7 |  7.5
Hexes          | 4 5 6 7 9 10 | 10.6
Spellcasting   | 3 4 5 6 |  6.7

Action                     |  1- 3 |  4- 6 |  7- 9 | 10-12 || total
---------------------------+-------+-------+-------+-------++-------
  Melee: Dagger            |   127 |   184 |   564 |   357 ||  1232
         Headbutt          |    20 |    26 |   133 |    99 ||   278
         Punch             |     1 |     2 |     7 |    11 ||    21
   Cast: Ensorcelled Hiber |     5 |    32 |    32 |    64 ||   133
         Jinxbite          |       |     5 |    16 |     4 ||    25
         Confusing Touch   |       |       |    20 |     7 ||    27
  Evoke: Wand              |       |       |       |     4 ||     4
    Use: Scroll            |     4 |     6 |    14 |     6 ||    30
         Potion            |       |     2 |     1 |     4 ||     7
   Stab: Sleeping          |    11 |    16 |    25 |    43 ||    95
         Invisible         |       |     1 |       |     6 ||     7
         Distracted        |       |       |     2 |     1 ||     3
         Confused          |       |       |    10 |     6 ||    16
 Armour: Robe              |    59 |   114 |   241 |    41 ||   455
         Ring mail         |       |       |       |   166 ||   166
  Dodge: Dodged            |    76 |    89 |   287 |   151 ||   603
  Block: Other             |       |    20 |   103 |    38 ||   161

Levels and vault maps discovered:
D:1:      psy_arrival_statuary, layout_basic, dk_noncrumbling_3,
          hangedman_decor_riveting, kennysheep_decorative_pillar,
          minmay_statues_item, minivault_19
D:2:      minmay_recursive_quarters, layout_loops_ring,
          dreamdust_ecumenical_altar_grove, minmay_misc_feat_pillars, uniq_robin
D:3:      layout_basic, serial_shops, shop, shop, shop,
          nicolae_shop_tiny_real_fake_doors, shop, uniq_sigmund, uniq_ijyb,
          uniq_jessica
D:4:      layout_rooms, marbit_many_paths, minmay_temple_entry_trees,
          hex_medium, serial_park_tiny_2, uniq_eustachio, uniq_blork_the_orc
D:5:      cheibrodos_iron_armory, layout_loops_ring,
          mainiacjoe_overflow_brackets
D:6:      layout_cave_pods, serial_shops, shop_statue, minmay_fire_ice_demons
D:7:      layout_loops_cross, tgw_xom, enter_ossuary_4,
          hangedman_minor_gate_pass
D:8:      layout_loops_corners, cheibriados_altar_1, grunt_dithmenos_shadows
D:9:      layout_roguey, gammafunk_temple_overflow_statue, trog_antimagical,
          mainiacjoe_overflow_concentric_impassable, dpeg_lair_monsters,
          kennysheep_generic_room_15
D:10:     layout_rooms, lemuel_round_altar
D:11:     layout_rooms, orc_0_dummy, serial_shops, shop, trove_entry_hex_spiral,
          hangedman_decor_clover_reticule
D:12:     layout_long_grid, minmay_pinched_square
Temple:   hellmonk_temple_forest_ring
Lair:1:   layout_hall_layers, evilmike_ambush [evilmike_ambush_outer_pillars,
          evilmike_ambush_inner_pond]

Notes
Turn   | Place    | Note
-------+----------+-------------------------------------------
     0 | D:1      | kae the Demonspawn Enchanter began the quest for the Orb.
     0 | D:1      | Reached XP level 1. HP: 13/13 MP: 3/3
     0 | D:1      | magus.rc [v1.11.3]
   123 | D:1      | Reached skill level 1 in Short Blades
   262 | D:1      | Gained mutation: You have a pair of small horns on your
                  | head. [demonic ancestry]
   262 | D:1      | Reached XP level 2. HP: 13/19 MP: 5/5
   500 | D:1      | Learned a level 2 spell: Ensorcelled Hibernation
   536 | D:1      | Reached skill level 2 in Dodging
   593 | D:1      | Reached XP level 3. HP: 21/25 MP: 6/6
   992 | D:2      | Noticed Robin
  1191 | D:2      | Reached skill level 2 in Short Blades
  1202 | D:2      | Found a faded altar of an unknown god.
  1333 | D:2      | Killed Robin
  1334 | D:2      | Reached skill level 1 in Fighting
  1334 | D:2      | Reached XP level 4. HP: 22/32 MP: 0/7
  1457 | D:2      | Reached skill level 3 in Stealth
  1599 | D:2      | You pick up a book of Dangerous Friends and begin
                  | reading...
  1599 | D:2      | You add the spells Summon Guardian Golem, Orb of
                  | Destruction and Spellforged Servitor to your library.
  1861 | D:3      | Noticed Sigmund
  2111 | D:3      | Found Zekliw's Magic Scroll Emporium.
  2120 | D:3      | Bought a scroll of identify for 28 gold pieces
  2232 | D:3      | Found Egohac's Magic Scroll Shoppe.
  2294 | D:3      | Bought 3 scrolls of identify for 60 gold pieces
  2297 | D:3      | Identified a scroll of acquirement
  2299 | D:3      | Acquired 1093 gold pieces
  2301 | D:3      | Bought a scroll of identify for 20 gold pieces
  2301 | D:3      | Bought a scroll of identify for 20 gold pieces
  2301 | D:3      | Bought a scroll of identify for 20 gold pieces
  2301 | D:3      | Bought a scroll of enchant weapon for 75 gold pieces
  2301 | D:3      | Bought a scroll of identify for 20 gold pieces
  2301 | D:3      | Bought a scroll of identify for 20 gold pieces
  2301 | D:3      | Bought a scroll of identify for 20 gold pieces
  2335 | D:3      | Noticed Ijyb
  2355 | D:2      | HP: 2/32 [Ijyb/puff of flame (10)]
  2358 | D:2      | Killed Ijyb
  2359 | D:2      | Gained mutation: A meltable shield of frost defends you.
                  | (SH +4) [demonic ancestry]
  2359 | D:2      | Reached XP level 5. HP: 10/37 MP: 4/8
  2465 | D:3      | Found Gelal's Jewellery Shoppe.
  2530 | D:3      | You pick up a book of Vapours and begin reading...
  2530 | D:3      | You add the spells Poisonous Vapours, Mephitic Cloud and
                  | Freezing Cloud to your library.
  2575 | D:3      | Found Duilotyr's Book Boutique.
  2581 | D:3      | Bought a book of Party Tricks for 242 gold pieces
  2581 | D:3      | You pick up a book of Party Tricks and begin reading...
  2581 | D:3      | You add the spells Apportation, Jinxbite and Alistair's
                  | Intoxication to your library.
  2599 | D:3      | Noticed Jessica
  2609 | D:3      | Killed Jessica
  2739 | D:3      | Found Finlypla's Antique Armour Emporium.
  2751 | D:3      | Bought a pair of embroidered boots for 225 gold pieces
  2947 | D:3      | Killed Sigmund
  2948 | D:3      | Reached skill level 2 in Fighting
  2948 | D:3      | Reached skill level 3 in Short Blades
  2948 | D:3      | Reached skill level 4 in Hexes
  2948 | D:3      | Gained mutation: You may rarely emit foul miasma when
                  | damaged in melee. [demonic ancestry]
  2948 | D:3      | Reached XP level 6. HP: 39/44 MP: 6/10
  3299 | D:4      | Noticed Blork the orc
  3343 | D:3      | Learned a level 2 spell: Jinxbite
  3347 | D:3      | Learned a level 3 spell: Confusing Touch
  3351 | D:3      | Learned a level 3 spell: Tukima's Dance
  3567 | D:4      | Noticed Eustachio
  3608 | D:4      | Killed Eustachio
  3609 | D:4      | Reached skill level 3 in Dodging
  3609 | D:4      | Reached skill level 3 in Spellcasting
  3609 | D:4      | Gained mutation: You are partially covered in icy blue
                  | scales. (AC +2) [demonic ancestry]
  3609 | D:4      | Reached XP level 7. HP: 26/51 MP: 2/11
  3754 | D:4      | Reached skill level 5 in Hexes
  3765 | D:4      | Killed Blork the orc
  3766 | D:4      | Reached skill level 4 in Short Blades
  4095 | D:4      | Found an ancient bone altar of Kikubaaqudgha.
  4137 | D:4      | Found a staircase to the Ecumenical Temple.
  4276 | Temple   | Entered the Ecumenical Temple
  4303 | D:5      | Entered Level 5 of the Dungeon
  4422 | D:5      | Reached skill level 3 in Fighting
  4432 | D:5      | Reached skill level 4 in Stealth
  4462 | D:5      | Reached XP level 8. HP: 44/58 MP: 11/13
  4870 | D:5      | Found a shimmering blue altar of Sif Muna.
  4878 | D:5      | You pick up a book of Changes and begin reading...
  4878 | D:5      | You add the spells Wereblood and Irradiate to your library.
  5138 | D:6      | You pick up a book of Armaments and begin reading...
  5138 | D:6      | You add the spells Stone Arrow, Animate Armour and
                  | Lehudib's Crystal Spear to your library.
  5178 | D:6      | Found Uqaor's Jewellery Boutique.
  5662 | D:6      | Reached skill level 6 in Hexes
  5665 | D:6      | Reached skill level 5 in Short Blades
  5667 | D:5      | Noticed a rust devil
  5667 | D:5      | Noticed a rust devil
  5711 | D:6      | HP: 13/58 [orc/+0 trident (6)]
  5957 | D:6      | Reached skill level 4 in Dodging
  6217 | D:6      | You pick up a book of Blood and begin reading...
  6217 | D:6      | You add the spells Sublimation of Blood and Summon Hydra to
                  | your library.
  6452 | D:7      | Found a sand-covered staircase.
  6478 | Ossuary  | Entered an ossuary
  6624 | Ossuary  | Reached skill level 4 in Spellcasting
  6661 | Ossuary  | Reached skill level 4 in Fighting
  6802 | D:7      | Gained mutation: You have a pair of horns on your head.
                  | [demonic ancestry]
  6802 | D:7      | Reached XP level 9. HP: 59/65 MP: 12/15
  7037 | D:7      | HP: 15/62 [wight/+2 war axe (7)]
  7223 | D:7      | Reached skill level 7 in Hexes
  7228 | D:7      | Reached skill level 5 in Stealth
  7388 | D:7      | Reached skill level 6 in Short Blades
  7542 | D:7      | You add the spells Ignite Poison, Sticky Flame and Ignition
                  | to your library.
  7574 | D:7      | Found a shimmering altar of Xom.
  7709 | D:7      | You pick up a book of Cantrips and begin reading...
  7709 | D:7      | You add the spells Necrotise and Summon Small Mammal to
                  | your library.
  7728 | D:7      | Identified the +8 war axe of the Desert {flame, rElec rPois
                  | Will+ Dex+3}
  7772 | D:7      | You pick up a book of Lightning and begin reading...
  7772 | D:7      | You add the spells Vhi's Electric Charge, Arcjolt and
                  | Plasma Beam to your library.
  7998 | D:7      | HP: 16/66 [poisoned by a killer bee]
  8003 | D:7      | HP: 12/67 [poisoned by a killer bee]
  8450 | D:8      | Found a snail-covered altar of Cheibriados.
  8502 | D:8      | Found a shadowy altar of Dithmenos.
  8569 | D:8      | Became a worshipper of Dithmenos the Shadowed
  8735 | D:8      | Reached skill level 5 in Fighting
  8735 | D:8      | Reached skill level 5 in Dodging
  8735 | D:8      | Reached XP level 10. HP: 62/74 MP: 15/17
  9284 | D:8      | Reached skill level 8 in Hexes
  9509 | D:9      | Noticed a two-headed ogre
  9511 | D:9      | Found a burning altar of Makhleb.
  9516 | D:9      | Noticed a two-headed ogre
  9523 | D:9      | Killed a two-headed ogre
  9524 | D:9      | Reached skill level 7 in Short Blades
  9524 | D:9      | Reached skill level 5 in Spellcasting
  9619 | D:9      | HP: 18/74 [poisoned by a killer bee]
  9624 | D:9      | HP: 14/74 [poisoned by a killer bee]
  9824 | D:9      | Noticed a death yak
  9826 | D:9      | Found a staircase to the Lair.
  9826 | D:9      | Noticed a death yak
  9826 | D:9      | Noticed a death yak
  9923 | D:9      | Reached * piety under Dithmenos
  9925 | D:9      | Identified the +0 ring mail "Fokheast" {Int-2 Slay+6}
 10167 | D:9      | Killed a death yak
 10168 | D:9      | Reached skill level 6 in Stealth
 10176 | D:9      | HP: 10/74 [death yak (11)]
 10448 | D:9      | HP: 9/74 [death yak (20)]
 10448 | D:9      | Killed a death yak
 10671 | D:9      | Killed a death yak
 10856 | D:9      | Reached skill level 9 in Hexes
 11020 | D:9      | Killed a two-headed ogre
 11021 | D:9      | Reached skill level 6 in Fighting
 11021 | D:9      | Reached skill level 8 in Short Blades
 11021 | D:9      | Reached XP level 11. HP: 79/81 MP: 16/19
 11066 | D:9      | Found a bloodstained altar of Trog.
 11176 | D:9      | Found a basalt altar of Yredelemnul.
 11176 | D:9      | Found a radiant altar of Vehumet.
 11309 | D:10     | Entered Level 10 of the Dungeon
 11351 | D:10     | Reached skill level 6 in Dodging
 11493 | D:10     | Reached ** piety under Dithmenos
 11823 | D:10     | Found a hide-covered altar of Uskayaw.
 12188 | D:11     | Found a staircase to the Orcish Mines.
 12203 | D:10     | Reached skill level 6 in Spellcasting
 12631 | D:11     | Found a portal to a secret trove of treasure.
 12687 | D:11     | Found Ichori Budi's Armour Shoppe.
 12965 | D:12     | You pick up a book of Sloth and begin reading...
 12965 | D:12     | You add the spells Frozen Ramparts, Petrify and Metabolic
                  | Englaciation to your library.
 12993 | D:12     | Noticed a brown ugly thing
 13005 | D:12     | Killed a brown ugly thing
 13066 | D:12     | You pick up a book of the Hunter and begin reading...
 13066 | D:12     | You add the spells Sigil of Binding, Call Canine Familiar,
                  | Dimensional Bullseye and Leda's Liquefaction to your
                  | library.
 13115 | D:12     | Noticed a boulder beetle
 13134 | D:11     | HP: 19/83 [boulder beetle (15)]
 13135 | D:11     | HP: 5/83 [boulder beetle (14)]
 13248 | D:11     | Killed a boulder beetle
 13249 | D:11     | Reached skill level 7 in Stealth
 13249 | D:11     | Reached skill level 10 in Hexes
 13477 | D:12     | Noticed a deep elf pyromancer
 13479 | D:12     | Noticed a skeletal warrior
 13485 | D:12     | Noticed a skeletal warrior
 13489 | D:12     | Noticed a skeletal warrior
 13491 | D:12     | Noticed a skeletal warrior
 13498 | D:12     | Reached skill level 9 in Short Blades
 13694 | Lair:1   | Entered Level 1 of the Lair of Beasts
 13694 | Lair:1   | Noticed a death yak
 13694 | Lair:1   | Noticed a death yak
 13695 | Lair:1   | Noticed a death yak
 13695 | Lair:1   | Noticed a death yak
 13696 | Lair:1   | Noticed a death yak
 13697 | Lair:1   | Noticed a death yak
 13706 | Lair:1   | Killed a death yak
 13711 | Lair:1   | Killed a death yak
 13712 | Lair:1   | Reached skill level 7 in Fighting
 13718 | Lair:1   | Killed a death yak
 13721 | Lair:1   | Killed a death yak
 13722 | Lair:1   | Reached XP level 12. HP: 70/91 MP: 21/21
 13728 | Lair:1   | Killed a death yak
 13738 | Lair:1   | Killed a death yak
 13795 | Lair:1   | HP: 7/91 [cane toad (20)]
 13796 | Lair:1   | Slain by a cane toad

Vanquished Creatures
  A boulder beetle (D:11)
  2 two-headed ogres (D:9)
  9 death yaks
  An ugly thing (D:12)
  A cane toad (Lair:1)
  2 kobold demonologists (D:12)
  A troll (D:10)
  Sigmund (D:3)
  3 wyverns
  A vampire (D:10)
  A wraith (D:12)
  Eustachio (D:4)
  18 yaks
  2 steam dragons
  A vampire mosquito (D:12)
  2 acid dragons
  4 orc warriors
  A water moccasin (Lair:1)
  A sky beast (D:7)
  2 ogres
  A black bear (D:6)
  2 centaurs
  4 phantoms
  Blork the orc (D:4)
  3 kobold brigands
  5 bullfrogs
  A gnoll sergeant (D:11)
  2 scorpions
  12 wights (D:7)
  13 killer bees
  6 howler monkeys
  A crimson imp (D:6)
  A human zombie (Ossuary)
  A jelly (D:7)
  6 hounds
  2 gnoll boudas
  2 orc priests
  4 sleepcaps
  3 iguanas
  Jessica (D:3)
  Ijyb (D:2)
  2 hell rats (D:9)
  7 orc wizards
  3 mummies (Ossuary)
  Robin (D:2)
  10 gnolls
  7 adders
  2 river rats (D:9)
  A shadow imp (D:7)
  2 white imps (D:6)
  An adder zombie (Ossuary)
  2 worms (D:2)
  3 dart slugs
  45 orcs
  6 endoplasms
  5 giant cockroaches
  14 goblins
  19 hobgoblins
  4 jackals (D:1)
  5 quokkas
  9 ball pythons
  3 bats
  3 frilled lizards
  A gnoll zombie (Ossuary)
  3 goblin zombies (Ossuary)
  2 hobgoblin zombies (Ossuary)
  12 kobolds
  2 kobold zombies (Ossuary)
  An orc zombie (Ossuary)
  5 quokka zombies
  8 rats
  3 rat zombies (Ossuary)
318 creatures vanquished.

Vanquished Creatures (collateral kills)
  A spriggan (shapeshifter) (D:12)
  A vampire mosquito (D:12)
2 creatures vanquished.

Vanquished Creatures (others)
  An unseen horror (D:12)
  A meliai simulacrum (D:12)
2 creatures vanquished.

Grand Total: 322 creatures vanquished

Table legend:
 A = Non-vault XP
 B = Vault XP
 C = Vault XP percentage of total XP
 D = Non-vault monster count
 E = Vault monster count
 F = Vault count percentage of total count
                 A         B        C        D         E       F
            +---------+---------+-------+---------+---------+-------
      Total |   19778 |    5217 |  20.9 |     244 |      76 |  23.8
            +---------+---------+-------+---------+---------+-------
        D:1 |      49 |       0 |   0.0 |      26 |       0 |   0.0
        D:2 |      91 |      95 |  51.1 |      14 |      20 |  58.8
        D:3 |      85 |     280 |  76.7 |      21 |       2 |   8.7
        D:4 |     254 |     398 |  61.0 |      23 |       3 |  11.5
        D:5 |     317 |       0 |   0.0 |      15 |       0 |   0.0
        D:6 |     889 |      56 |   5.9 |      23 |       2 |   8.0
        D:7 |    1749 |     558 |  24.2 |      35 |       9 |  20.5
        D:8 |    1243 |     105 |   7.8 |      19 |       1 |   5.0
        D:9 |    3482 |    2877 |  45.2 |      22 |      14 |  38.9
       D:10 |    2761 |       0 |   0.0 |      17 |       0 |   0.0
       D:11 |    1817 |       0 |   0.0 |      11 |       0 |   0.0
       D:12 |    1584 |     587 |  27.0 |      10 |       3 |  23.1
     Lair:1 |    5457 |     140 |   2.5 |       8 |       1 |  11.1
    Ossuary |       0 |     121 | 100.0 |       0 |      21 | 100.0
            +---------+---------+-------+---------+---------+-------

Skill      XL: |  1  2  3  4  5  6  7  8  9 10 11 |
---------------+----------------------------------+-----
Short Blades   | 1 2 3 4 5 6 8 9 |  9.5
Dodging        | 2 3 4 5 6 |  6.9
Fighting       | 1 2 3 4 5 6 7 |  7.2
Stealth        | 3 4 5 6 7 |  7.5
Hexes          | 4 5 6 7 9 10 | 10.6
Spellcasting   | 3 4 5 6 |  6.7

Action                     |  1- 3 |  4- 6 |  7- 9 | 10-12 || total
---------------------------+-------+-------+-------+-------++-------
  Melee: Dagger            |   127 |   184 |   564 |   357 ||  1232
         Headbutt          |    20 |    26 |   133 |    99 ||   278
         Punch             |     1 |     2 |     7 |    11 ||    21
   Cast: Ensorcelled Hiber |     5 |    32 |    32 |    64 ||   133
         Jinxbite          |       |     5 |    16 |     4 ||    25
         Confusing Touch   |       |       |    20 |     7 ||    27
  Evoke: Wand              |       |       |       |     4 ||     4
    Use: Scroll            |     4 |     6 |    14 |     6 ||    30
         Potion            |       |     2 |     1 |     4 ||     7
   Stab: Sleeping          |    11 |    16 |    25 |    43 ||    95
         Invisible         |       |     1 |       |     6 ||     7
         Distracted        |       |       |     2 |     1 ||     3
         Confused          |       |       |    10 |     6 ||    16
 Armour: Robe              |    59 |   114 |   241 |    41 ||   455
         Ring mail         |       |       |       |   166 ||   166
  Dodge: Dodged            |    76 |    89 |   287 |   151 ||   603
  Block: Other             |       |    20 |   103 |    38 ||   161

Illustrated notes

Table legend:
 A = Kills in this place as a percentage of kills in the entire game.
 B = Kills by you in this place as a percentage of kills by you in the entire game.
 C = Kills by friends in this place as a percentage of kills by friends in the entire game.
 D = Other kills in this place as a percentage of other kills in the entire game.
 E = Experience gained in this place as a percentage of experience gained in the entire game.
 F = Experience gained in this place divided by the number of levels of this place that you have seen.
                   A       B       C       D       E      F
               +-------+-------+-------+-------+-------+----------------------
         Total | 100.0 | 100.0 | 100.0 | 100.0 | 100.0 | 1666.3
       Dungeon |  90.6 |  90.4 | 100.0 | 100.0 |  77.1 | 1606.4
          Lair |   2.8 |   2.9 |   0.0 |   0.0 |  22.4 | 5597.0
       Ossuary |   6.6 |   6.7 |   0.0 |   0.0 |   0.5 | 121.0
               +-------+-------+-------+-------+-------+----------------------

Table legend: (Time is in decaauts)
 A = Elapsed time spent in this place.
 B = Non-inter-level travel time spent in this place.
 C = Inter-level travel time spent in this place.
 D = Time resting spent in this place.
 E = Time spent auto-exploring this place.
 F = Levels seen in this place.
 G = Mean time per level.
                   A        B        C        D        E       F      G
               +--------+--------+--------+--------+--------+-----+--------+
         Total |  13468 |  12744 |    724 |   1691 |   8607 |  15 |  897.9 |
       Dungeon |  13126 |  12406 |    720 |   1681 |   8445 |  12 | 1093.8 |
        Temple |      4 |      1 |      3 |      0 |      0 |   1 |    4.0 |
          Lair |     61 |     61 |      0 |      2 |     13 |   1 |   61.0 |
       Ossuary |    276 |    276 |      0 |      8 |    148 |   1 |  276.0 |
               +--------+--------+--------+--------+--------+-----+--------+

Top non-repeatable levels by time:
     D:9: 1679 daAuts
     D:7: 1655 daAuts
     D:8: 1393 daAuts
     D:2: 1343 daAuts
     D:6: 1244 daAuts
     D:3: 1156 daAuts
     D:4: 958 daAuts
     D:1: 856 daAuts
    D:11: 791 daAuts
    D:10: 777 daAuts
     D:5: 753 daAuts
    D:12: 517 daAuts
 Ossuary: 276 daAuts
  Lair:1: 61 daAuts
  Temple: 4 daAuts
